 Dungeon Crawl Stone Soup version 0.20-a0-548-g4f8a798 (console) character file.

245 nht the Cudgeler (level 6, -1/62 HPs)
             Began as an Ogre Berserker on Feb 1, 2017.
             Was a Priest of Trog.
             Slain by an orc wizard
             ... wielding a +0 dagger
              (7 damage)
             ... on level 4 of the Dungeon.
             The game lasted 00:03:08 (2218 turns).

nht the Cudgeler (Ogre Berserker)                   Turns: 2218, Time: 00:03:09

Health: -1/62      AC:  3    Str: 26 (27) XL:     6   Next: 10%
Magic:  6/6        EV: 10    Int:  4 (6)  God:    Trog [***...]
Gold:   256        SH:  0    Dex:  8      Spells: 5/5 levels left

rFire    . . .     SeeInvis .   a - +0 mace
rCold    . . .     Gourm    .   b - +0 animal skin
rNeg     . . .     Faith    .   (no shield)
rPois    .         Spirit   .   (helmet restricted)
rElec    .         Reflect  .   (no cloak)
rCorr    .         Harm     +   (gloves unavailable)
MR       ++...                  (boots unavailable)
Stlth    +.........             m - amulet of harm
Regen    1.2/turn               (no ring)
                                i - +3 ring of strength

@: very slightly contaminated, regenerating
A: unfitting armour, dopey 1, tough skin 1, evolution 1, subdued magic 1
a: Berserk, Trog's Hand, Burn Spellbooks, Renounce Religion


You were on level 4 of the Dungeon.
You worshipped Trog.
Trog was most pleased with you.
You were not hungry.

You visited 1 branch of the dungeon, and saw 4 of its levels.

You collected 256 gold pieces.

Inventory:

Hand Weapons
 a - a +0 mace (weapon)
Armour
 b - a +0 animal skin (worn)
Jewellery
 i - a +3 ring of strength (left hand)
 m - an amulet of harm (around neck)
Wands
 q - a wand of lightning (6/15)
Scrolls
 e - 2 scrolls of magic mapping {unknown}
 f - 2 scrolls of blinking {unknown}
 j - 4 scrolls of identify
 k - 3 scrolls of remove curse
 l - a scroll of fog {unknown}
 p - a scroll of teleportation {unknown}
 r - 3 scrolls of enchant weapon {unknown}
Potions
 g - 2 potions of flight
 s - a potion of haste
Comestibles
 c - 3 bread rations
 d - 5 chunks of flesh
 h - a royal jelly
 o - 2 meat rations


   Skills:
 - Level 4.0 Fighting
 + Level 6.0 Maces & Flails
 - Level 2.6 Dodging


You had 5 spell levels left.
You didn't know any spells.

Dungeon Overview and Level Annotations

Branches:
Dungeon (4/15)
 Temple: D:4-7

Altars:
Dithmenos
Gozag
Nemelex Xobeh
Qazlal
Uskayaw


Innate Abilities, Weirdness & Mutations

You are too large for most types of armour.
You have tough skin. (AC +1)
You are dopey. (Int -2)
You evolve.
Your spells are a little easier to cast, but a little less powerful.


Message History

Some of the chunks of flesh in your inventory have rotted away.
You feel sick.
You feel sick.
Your extra speed is starting to run out.
You feel sick.
You feel yourself slow down.
You feel sick.
You are no longer poisoned. 2 orcs, an orc priest and an orc wizard come into view.
The orc shouts!
The orc priest shouts!
The orc shouts!
The orc priest calls down the wrath of Beogh upon you.
Beogh smites you!
* * * LOW HITPOINT WARNING * * *
An orc wizard comes into view. It is wielding a dagger.
There are monsters nearby!
Okay, then.
Your skin crawls.
You feel resistant to hostile enchantments.
You feel somewhat more hungry. The orc wizard hits you with a dagger.
You die...

.................█...........█...
..██...█.██.██..██.████..........
..██...█.██.██.██................
..██...█.██.██.███.████..........
.......█.██.██.█ █.█ █.██.......
.............█.█ █.█ █.█████>.██
..██...█.██..█.█ █.█ █.█ █....
.......█.██..█.███.████.██ █...█
█.██...........o@........█ █...█
█.████.█.██..█o████████.██ ██.██
..█ █.█.██ █.█ █.█ █... █.█ █.█.█
.. ███████.█████████ █.█ █.█.█
... ................. █.██ █.█


███o ███████.█████████ ...█ █.█ █o █.█ ..██ █.█ █. █.█ █.█ █.█ █.█ You could see
an orc wizard and an orc.

Vanquished Creatures
  A bullfrog (D:4)
  Terence (D:3)
  A worker ant (D:4)
  6 adders
  An ooze (D:3)
  2 dart slugs (D:1)
  2 leopard geckos (D:2)
  3 orcs (D:3)
  5 giant cockroaches
  10 goblins
  6 hobgoblins
  4 jackals
  2 kobolds
  2 quokkas (D:3)
  2 ball pythons (D:2)
  7 bats
  7 frilled lizards
  A jackal skeleton (D:4)
  7 rats
70 creatures vanquished.

Notes
Turn   | Place    | Note
-------+----------+-------------------------------------------
     0 | D:1      | nht the Ogre Berserker began the quest for the Orb.
     0 | D:1      | Reached XP level 1. HP: 24/24 MP: 1/1
    37 | D:1      | Reached skill level 3 in Maces & Flails
    67 | D:1      | Reached XP level 2. HP: 31/32 MP: 2/2
   341 | D:1      | Found a shadowy altar of Dithmenos.
   469 | D:1      | Reached XP level 3. HP: 37/39 MP: 3/3
   749 | D:2      | Reached ** piety under Trog
   777 | D:2      | Found a hide-covered altar of Uskayaw.
   942 | D:2      | Reached skill level 4 in Maces & Flails
   977 | D:2      | Reached XP level 4. HP: 37/48 MP: 4/4
  1442 | D:3      | Found an opulent altar of Gozag.
  1555 | D:3      | Found a sparkling altar of Nemelex Xobeh.
  1573 | D:3      | Noticed Terence
  1584 | D:3      | Killed Terence
  1584 | D:3      | Reached skill level 5 in Maces & Flails
  1584 | D:3      | Reached XP level 5. HP: 54/54 MP: 5/5
  1811 | D:4      | Found a stormy altar of Qazlal.
  1959 | D:4      | Reached *** piety under Trog
  1999 | D:4      | Got a heavily runed ivory amulet
  2011 | D:4      | Identified the amulet of Dim Light {Inacc MP-9 Str+10} (You found it on level 4 of the Dungeon)
  2147 | D:4      | Reached skill level 6 in Maces & Flails
  2147 | D:4      | Reached XP level 6. HP: 21/62 MP: 6/6
  2148 | D:4      | Gained mutation: Your spells are a little easier to cast, but a little less powerful. [potion of mutation]
  2148 | D:4      | Gained mutation: You evolve. [potion of mutation]
  2148 | D:4      | Gained mutation: You are dopey. (Int -2) [potion of mutation]
  2218 | D:4      | Slain by an orc wizard

Vault maps used:
D:1:      dpeg_arrival_signposts, kennysheep_flooded_box
D:2:      overflow_temple_1_default, serial_glass, glass_columns_a,
          glass_columns_c, glass_columns_b, glass_columns_a, glass_columns_c,
          glass_columns_a, glass_columns_a, glass_columns_a
D:3:      nicolae_gozag_seed_capital, first_bread, nemelex_dance_club_becter,
          uniq_terence
D:4:      grunt_qazlal_clouds

Skill      XL: |  1  2  3  4  5 |
---------------+----------------+-----
Maces & Flails | 3 4 5 6 |  6.0
Fighting       | |  4.0
Dodging        | |  2.6

Action                   |  1- 3 |  4- 6 || total
-------------------------+-------+-------++-------
Melee: Mace              |    86 |   138 ||   224
Invok: Berserk           |     2 |     1 ||     3
       Trog's Hand       |       |     2 ||     2
  Use: Scroll            |     3 |     1 ||     4
       Potion            |       |     5 ||     5
 Stab: Sleeping          |     1 |       ||     1
  Eat: Chunk             |     1 |     7 ||     8
Armor: Animal skin       |    21 |    53 ||    74
Dodge: Dodged            |    68 |    84 ||   152
